 Dungeon Crawl Stone Soup version 0.30.1-9-gdf580d7c3d (webtiles) character file.

Game seed: 16673510297831031701

37280 lonewolfV2 the Severer (level 14, -7/101 HPs)
             Began as a Formicid Fighter on Oct 21, 2023.
             Was a High Priest of Okawaru.
             Mangled by a deep troll simulacrum (27 damage)
             ... on level 1 of the Depths.
             The game lasted 00:41:47 (14459 turns).

lonewolfV2 the Severer (Formicid Fighter)          Turns: 14459, Time: 00:41:48

Health: -7/101     AC: 29    Str: 25    XL:     14   Next: 28%
Magic:  18/20      EV:  7    Int: 12    God:    Okawaru [*****.]
Gold:   990        SH: 10    Dex: 19    Spells: 13/13 levels left

rFire   + . .        w - +8 battleaxe of Dara {vamp, rElec}
rCold   . . .        z - +2 buckler
rNeg    . . .        y - +1 crystal plate armour
rPois   .            (helmet unavailable)
rElec   +            h - +0 cloak
rCorr   .            T - +2 pair of gloves "Opued" {Int+3}
SInv    +            G - +0 pair of boots
Will    +....        u - amulet of regeneration Stlth
                     K - ring of protection from fire
HPRegen 1.16/turn    x - +6 ring of dexterity
MPRegen 0.17/turn

%: no passive effects
@: heroic
A: permanent stasis, dig shafts and tunnels, antennae 3, four strong arms
a: Dig, Shaft Self, Renounce Religion, Heroism, Finesse, Duel


You were on level 1 of the Depths.
You worshipped Okawaru.
Okawaru was extremely pleased with you.
You visited 3 branches of the dungeon, and saw 17 of its levels.

You collected 1146 gold pieces.
You spent 156 gold pieces at shops.

Inventory:

Hand Weapons
 a - a +1 war axe of flaming
 w - the +8 battleaxe of Dara (weapon) {vamp, rElec}
   (You found it on level 3 of the Dungeon)

   rElec:     It insulates you from electricity.
 F - the +3 war axe of the Chickpea {drain, Int+2 SInv}
   (You found it on level 7 of the Dungeon)

   Int:       It affects your intelligence (+2).
   SInv:      It lets you see invisible.
 M - the +3 battleaxe "Onwu" {freeze, SInv}
   (Okawaru gifted it to you on level 12 of the Dungeon)

   SInv:      It lets you see invisible.
Missiles
 R - 2 throwing nets
Armour
 h - a +0 cloak (worn)
 y - a +1 crystal plate armour (worn)
 z - a +2 buckler (worn)
 G - a +0 pair of boots (worn)
 T - the +2 pair of gloves "Opued" (worn) {Int+3}
   (You found it on level 13 of the Dungeon)

   Int:       It affects your intelligence (+3).
Jewellery
 r - a ring of positive energy
 u - an amulet of regeneration (around neck)
 x - a +6 ring of dexterity (right hand)
 B - a +6 ring of intelligence
 E - a ring of protection from cold
 K - a ring of protection from fire (left hand)
 P - an amulet of the acrobat
 Q - a ring of flight
Wands
 l - a wand of charming (30)
 v - a wand of flame (2)
 J - a wand of digging (6)
 L - a wand of polymorph (6)
Scrolls
 d - 5 scrolls of fog
 e - 7 scrolls of teleportation
 i - 4 scrolls of brand weapon
 A - 3 scrolls of magic mapping
 C - 2 scrolls of fear
 D - 4 scrolls of amnesia
 H - 2 scrolls of immolation
 N - 10 scrolls of identify
 S - a scroll of enchant armour
Potions
 b - 3 potions of heal wounds
 c - a potion of might
 f - 2 potions of cancellation
 g - a potion of magic
 j - 7 potions of curing
 k - a potion of flight
 m - a potion of mutation
 n - a potion of brilliance
 o - 6 potions of haste
 p - 4 potions of attraction
 q - a potion of ambrosia
 s - 4 potions of degeneration
 t - a potion of berserk rage
Miscellaneous
 I - a piece from Xom's chessboard (13/15)


   Skills:
 - Level 6.7(11.7) Fighting
 * Level 19.7(24.7) Axes
 + Level 7.5(12.5) Armour
 - Level 8.4(13.4) Shields
 - Level 9.3 Invocations


You had 13 spell levels left.
You didn't know any spells.
Your spell library contained the following spells:

 Spells                   Type           Power      Damage    Failure   Level
 Apportation              Tloc           0%         N/A       100%        1
 Magic Dart               Conj           0%         1d3       100%        1
 Necrotise                Necr           0%         1d4       100%        1
 Scorch                   Fire           0%         2d5       100%        2
 Sublimation of Blood     Necr           0%         N/A       100%        2
 Gell's Gravitas          Tloc           0%         N/A       100%        3
 Mephitic Cloud           Conj/Pois/Air  0%         N/A       100%        3
 Teleport Other           Tloc           0%         N/A       100%        3
 Flame Wave               Conj/Fire      0%         2d4       100%        4
 Petrify                  Tmut/Erth      0%         N/A       100%        4
 Irradiate                Conj/Tmut      0%         3d11      100%        5
 Dispersal                Tloc           0%         N/A       100%        6
 Summon Small Mammal      Summ           Unusable   N/A       N/A         1
 Call Imp                 Summ           Unusable   N/A       N/A         2
 Summon Cactus Giant      Summ           Unusable   N/A       N/A         6

Dungeon Overview and Level Annotations

Branches:
Dungeon (15/15)            Temple (1/1) D:4            Lair (0/5) D:8
    Orc (0/2) D:12         Vaults (0/5) D:14         Depths (1/4) D:15

Altars:
Ashenzari
Cheibriados
Dithmenos
Elyvilon
Fedhas
Gozag
Hepliaklqana
Kikubaaqudgha
Makhleb
Nemelex Xobeh
Okawaru
Qazlal
Ru
Sif Muna
Trog
Uskayaw
Vehumet
Wu Jian
Xom
Yredelemnul
Zin
The Shining One

Shops:
D:4 =((   D:7 ?   D:10 [   D:13 =

Annotations:
D:5 2 transporters, rozman's ghost, novice SpEn
D:15 1 runed translucent door


Innate Abilities, Weirdness & Mutations

You cannot be hasted, slowed, berserked, paralysed or teleported.
You can dig through walls and to a lower floor.
You have a pair of large antennae on your head. (SInv)
Your four strong arms can wield two-handed weapons with a shield.


Message History

The deep troll shaman calls upon its god to strengthen the deep troll.
The deep troll seems to grow stronger.
You hear a horrible gurgling sound!
You slice the deep troll!!
You feel better.
The deep troll is severely wounded.
The deep troll bites you but does no damage.
The deep troll claws you! You block the deep troll's attack.
You barely miss the deep troll.
The deep troll is severely wounded.
You slice the deep troll!!
You kill the deep troll!
Okawaru is honoured by your kill.
A freezing mist starts to gather...
A deep troll simulacrum comes into view.
A spark wasp comes into view.
A deep troll, a spark wasp and an iron troll come into view.
The deep troll shouts!
The iron troll shouts!
The deep troll bites you but does no damage.
The deep troll claws you. x2
The deep troll shaman calls upon its god to speed up the deep troll simulacrum.
The deep troll simulacrum seems to speed up.
You block the hell knight's attack.
There is an open door, spattered with blood here.
Items here: )) [[ ††.
The deep troll simulacrum attacks as you move away!
You block the deep troll simulacrum's attack.
The deep troll simulacrum claws you. The deep troll simulacrum freezes you!!
The deep troll simulacrum claws you! The deep troll simulacrum freezes you!!
* * * LOW HITPOINT WARNING * * *
The deep troll attacks as you move away!
The deep troll closely misses you. x2
The deep troll claws you but does no damage.
The deep troll shaman calls upon its god to strengthen the deep troll simulacrum.
The deep troll simulacrum seems to grow stronger.
The deep troll simulacrum bites you but does no damage.
You block the deep troll simulacrum's attack.
The deep troll simulacrum claws you.
* * * LOW HITPOINT WARNING * * *
The deep troll simulacrum freezes you!!
You die...

# ......# #.
..T[..
#.##..T'#
##.....#y###
#.$.....y..###
#.....TT......
#....pTT......
#Z# #@# ###


You could see an iron troll, 2 spark wasps, a hell knight (fast, soul bound), 3
deep trolls, a deep troll earth mage (soul bound), a deep troll shaman (soul
bound) and a deep troll simulacrum (fast, strong).

Vanquished Creatures
  Frances (Arena)
  A stone giant (D:15)
  Josephine (D:12)
  Fannar (Arena)
  A rakshasa (D:12)
  A vault guard (D:14)
  A hydra (D:14)
  2 centaur warriors (D:14)
  2 boulder beetles
  A two-headed ogre (D:10)
  2 tengu warriors
  3 hell knights (Depths:1)
  Amaemon (D:11)
  A deep troll (Depths:1)
  A deep elf zephyrmancer (D:10)
  Pikel (D:5)
  A necromancer (Depths:1)
  2 deep elf pyromancers
  14 ugly things
  6 cyclopes
  2 manticores (D:14)
  A storm dragon simulacrum (D:14)
  4 gargoyles
  An orange demon (D:11)
  A rime drake (D:8)
  A kobold demonologist (D:11)
  An unseen horror (D:11)
  2 tengu conjurers
  A hornet (D:9)
  4 trolls
  2 shadows
  6 slime creatures
  7 yaks
  5 wraiths (D:12)
  2 wyverns
  10 humans (D:14)
  3 steam dragons
  4 vampire mosquitoes (D:15)
  2 water moccasins (D:8)
  2 acid dragons
  5 orc warriors
  A swamp drake (D:10)
  7 ice beasts
  A black bear (D:7)
  4 centaurs
  A sky beast (D:7)
  6 wolves (D:8)
  4 ogres (D:5)
  A phantom (D:7)
  A lemure (D:5)
  3 kobold brigands
  3 bullfrogs
  2 scorpions
  4 wights (D:8)
  16 killer bees
  2 howler monkeys
  A crimson imp (D:10)
  An iron imp (D:10)
  2 jellies
  2 hounds
  4 orc priests
  3 iguanas
  13 orc wizards
  4 sleepcaps
  A boggart simulacrum (D:13)
  3 gnolls (D:5)
  8 adders
  3 shadow imps
  4 white imps
  4 ufetubi
  A worm (D:2)
  3 dart slugs
  36 orcs
  2 bats
  9 endoplasms
  3 giant cockroaches
  6 hobgoblins
  4 jackals
  3 quokkas
  9 ball pythons
  2 frilled lizards
  11 goblins
  17 kobolds
  8 rats
  A butterfly (D:8)
334 creatures vanquished.

Vanquished Creatures (others)
  A human (D:14)
  A white imp (D:10)
2 creatures vanquished.

Grand Total: 336 creatures vanquished

Notes
Turn   | Place    | Note
-------+----------+-------------------------------------------
     0 | D:1      | lonewolfV2 the Formicid Fighter began the quest for the
                  | Orb.
     0 | D:1      | Reached XP level 1. HP: 18/18 MP: 1/1
   122 | D:1      | Reached XP level 2. HP: 24/24 MP: 2/2
   376 | D:1      | Reached XP level 3. HP: 25/30 MP: 3/3
   780 | D:2      | Reached XP level 4. HP: 35/37 MP: 4/4
  1005 | D:2      | Reached skill level 5 in Shields
  1722 | D:3      | Found a faded altar of an unknown god.
  1967 | D:3      | Reached XP level 5. HP: 43/43 MP: 5/5
  2290 | D:3      | Identified the +8 battleaxe of Dara {vamp, rElec}
  2610 | D:4      | Found Umyk's Jewellery Shop.
  2657 | D:4      | Found a staircase to the Ecumenical Temple.
  2703 | D:4      | Found Cuawezonn's Antique Weapon Shoppe.
  2713 | D:4      | Found Faust's Antique Weapon Emporium.
  2766 | D:4      | Reached skill level 3 in Axes
  2858 | D:4      | Reached XP level 6. HP: 49/49 MP: 6/6
  2869 | D:4      | Reached skill level 4 in Axes
  3103 | Temple   | Entered the Ecumenical Temple
  3225 | D:5      | Entered Level 5 of the Dungeon
  3242 | D:5      | Noticed an ogre
  3243 | D:5      | Noticed an ogre
  3260 | D:5      | Killed an ogre
  3260 | D:5      | Killed an ogre
  3261 | D:5      | Reached skill level 6 in Axes
  3261 | D:5      | Reached XP level 7. HP: 50/55 MP: 7/7
  3351 | D:5      | Reached skill level 7 in Axes
  3351 | D:5      | Reached XP level 8. HP: 61/61 MP: 8/8
  3392 | D:5      | Found a transporter.
  3393 | D:5      | Found a transporter.
  3393 | D:5      | Noticed rozman's ghost (novice SpEn)
  3470 | D:5      | Reached skill level 8 in Axes
  3621 | D:5      | Noticed Pikel
  3633 | D:5      | Killed Pikel
  3634 | D:5      | Reached skill level 9 in Axes
  3634 | D:5      | Reached XP level 9. HP: 60/66 MP: 9/9
  3976 | D:6      | Reached skill level 10 in Axes
  4821 | D:7      | Found an ornate altar of the Wu Jian Council.
  4851 | D:7      | Found a shimmering altar of Xom.
  4851 | D:7      | Found a shimmering altar of Xom.
  4851 | D:7      | Found a shimmering altar of Xom.
  4852 | D:7      | Found a shimmering altar of Xom.
  4852 | D:7      | Found a shimmering altar of Xom.
  4852 | D:7      | Found a shimmering altar of Xom.
  4883 | D:7      | Found an iron altar of Okawaru.
  4900 | D:7      | Found Kume's Magic Scroll Shop.
  4910 | D:7      | Bought a scroll of identify for 26 gold pieces
  4910 | D:7      | Bought 3 scrolls of identify for 78 gold pieces
  4910 | D:7      | Bought a scroll of identify for 26 gold pieces
  4910 | D:7      | Bought a scroll of identify for 26 gold pieces
  4945 | D:7      | Reached skill level 11 in Axes
  5011 | D:7      | Identified the +3 war axe of the Chickpea {drain, Int+2
                  | SInv}
  5162 | D:7      | Reached skill level 12 in Axes
  5294 | D:7      | Found a flagged portal.
  5352 | D:7      | Found a shimmering altar of Xom.
  5353 | D:7      | Found a shimmering altar of Xom.
  5747 | D:7      | Became a worshipper of Warmaster Okawaru
  6384 | D:8      | Reached XP level 10. HP: 73/73 MP: 10/10
  6423 | D:8      | Reached skill level 5 in Fighting
  6446 | D:8      | Reached * piety under Okawaru
  6462 | D:8      | Reached skill level 13 in Axes
  6540 | D:8      | Noticed a rime drake
  6542 | D:8      | Found a staircase to the Lair.
  6549 | D:8      | Killed a rime drake
  6643 | D:8      | Noticed a gargoyle
  6649 | D:8      | Killed a gargoyle
  6649 | D:8      | Reached ** piety under Okawaru
  6749 | D:8      | Found a white marble altar of Elyvilon.
  6848 | D:8      | Identified the +8 sling of Trog's Hope {heavy, rElec rPois
                  | rCorr MP-9}
  7275 | D:9      | Reached skill level 1 in Invocations
  7380 | D:9      | Reached XP level 11. HP: 82/83 MP: 12/12
  7458 | D:9      | Reached skill level 14 in Axes
  7520 | D:9      | Reached *** piety under Okawaru
  7615 | D:9      | Found a sparkling altar of Nemelex Xobeh.
  7736 | D:9      | Noticed a green ugly thing
  7751 | D:9      | Killed a green ugly thing
  7751 | D:9      | Noticed a green ugly thing
  7766 | D:9      | Killed a green ugly thing
  7805 | D:9      | Noticed a boulder beetle
  7817 | D:9      | Killed a boulder beetle
  8306 | D:10     | Entered Level 10 of the Dungeon
  8339 | D:10     | Found Kiuciw's Armour Shop.
  8366 | D:10     | Reached **** piety under Okawaru
  8367 | D:10     | Reached skill level 5 in Invocations
  8386 | D:10     | Reached skill level 15 in Axes
  8434 | D:10     | Noticed a two-headed ogre
  8441 | D:10     | Killed a two-headed ogre
  8546 | D:10     | Noticed a deep elf pyromancer
  8554 | D:10     | Killed a deep elf pyromancer
  8554 | D:10     | Reached ***** piety under Okawaru
  8557 | D:10     | Noticed a deep elf zephyrmancer
  8574 | D:10     | Killed a deep elf zephyrmancer
  8762 | D:10     | Identified the +0 hat of Winter {Str+2}
  8790 | D:10     | Found a bloodstained altar of Trog.
  9294 | D:11     | Reached XP level 12. HP: 60/89 MP: 17/17
  9489 | D:11     | Noticed Amaemon
  9513 | D:11     | Killed Amaemon
  9514 | D:11     | Reached skill level 16 in Axes
  9943 | D:12     | Noticed Fannar
  9963 | Arena    | Entered the Arena
  9964 | Arena    | Killed Fannar
 10227 | D:12     | Noticed Josephine
 10232 | D:12     | Noticed a rakshasa
 10239 | D:12     | Killed Josephine
 10239 | D:12     | Identified the +3 battleaxe "Onwu" {freeze, SInv} (Okawaru
                  | gifted it to you on level 12 of the Dungeon)
 10239 | D:12     | Received a gift from Okawaru
 10241 | D:12     | Reached skill level 17 in Axes
 10265 | D:12     | Killed a rakshasa
 10462 | D:12     | Found a staircase to the Orcish Mines.
 10936 | D:13     | Noticed a boulder beetle
 10969 | D:13     | Killed a boulder beetle
 10970 | D:13     | Reached XP level 13. HP: 95/95 MP: 19/19
 11006 | D:13     | Identified the +2 pair of gloves "Opued" {Int+3}
 11115 | D:13     | Identified the +0 helmet "Ijycuuneqa" {rN+}
 11299 | D:13     | Found Poan's Jewellery Shoppe.
 11466 | D:14     | Noticed a centaur warrior
 11499 | D:14     | Killed a centaur warrior
 11546 | D:14     | Reached skill level 18 in Axes
 11556 | D:14     | Reached ****** piety under Okawaru
 11601 | D:14     | Noticed a centaur warrior
 11611 | D:14     | Killed a centaur warrior
 11611 | D:14     | Received a gift from Okawaru
 11753 | D:14     | Noticed Frances
 11756 | D:14     | Noticed a seven-headed hydra
 11760 | D:14     | You fall into a shaft and drop 1 floor!
 11760 | D:15     | Entered Level 15 of the Dungeon
 12036 | D:14     | Reached skill level 5 in Armour
 12228 | D:14     | Killed an 18-headed hydra
 12535 | D:14     | Noticed a vault guard
 12565 | D:14     | Killed a vault guard
 12586 | D:14     | Found a gate to the Vaults.
 12775 | Arena    | Entered the Arena
 12788 | Arena    | Killed Frances
 12789 | Arena    | Reached skill level 19 in Axes
 13134 | D:15     | Found a staircase to the Depths.
 13134 | D:15     | Noticed a stone giant
 13652 | D:15     | Reached XP level 14. HP: 97/101 MP: 20/20
 13689 | D:15     | Found a runed translucent door.
 13689 | D:15     | Noticed a storm dragon
 13689 | D:15     | Noticed a storm dragon
 13690 | D:15     | Found the amulet of Vitality {RegenMP++ Regen++}
 13856 | D:15     | Killed a stone giant
 14427 | Depths:1 | Entered Level 1 of the Depths
 14457 | Depths:1 | Noticed a spark wasp
 14458 | Depths:1 | Noticed a spark wasp
 14459 | Depths:1 | Mangled by a deep troll simulacrum

Illustrated notes

Levels and vault maps discovered:
D:1:      lightli_arrival_flooded_house, layout_loops_ring
D:2:      layout_loops_ring, kennysheep_potato
D:3:      kennysheep_big_flooded_room, layout_basic, basic_ecumenical_altar,
          grunt_ministairs_10
D:4:      layout_rooms, temple_pool_b, serial_shops, shop, shop, shop,
          kennysheep_windowed_goal
D:5:      layout_loops_ring, gammafunk_ghost_arena, hellmonk_no_cap, uniq_pikel
D:6:      layout_gridville
D:7:      layout_basic, xom_redecorated, nicolae_wu_jian_immortal_techniques,
          mainiacjoe_overflow_brackets, enter_bailey_3, serial_shops, shop,
          serial_co_window_serial, co_window_corner_a, co_window_paths_b,
          co_window_paths_a, co_window_corner_a, co_window_corner_a,
          co_window_corner_a, co_window_paths_b, co_window_of_opportunity_b,
          co_window_cross_2, co_window_broadway_c, co_window_corner_cb,
          glass_columns_c, glass_columns_c, glass_columns_b, glass_columns_c
D:8:      layout_basic, nicolae_elyvilon_peaceful_grove, hellmonk_lair_entry_icy
D:9:      layout_basic, nemelex_spade_bored_becter, kb_rosetta
D:10:     layout_rooms, trog_three_pillars_becter, serial_shops, shop,
          hangedman_minor_magic
D:11:     layout_basic, uniq_amaemon
D:12:     layout_irregular_city, david_orc_1_choice, st_stairs_6,
          lemuel_old_faithful, uniq_fannar, uniq_josephine
D:13:     layout_small_grid, serial_shops, shop
D:14:     layout_long_grid, ximxim_vaults_locker_room, minmay_fountain_box,
          uniq_frances
D:15:     grunt_enter_depths_giant_problem, layout_loops_corners,
          fungi_pond_lemuel, kennysheep_treasure_room
Temple:   lightli_temple_of_artemis
Depths:1: layout_basic, serial_shops, shop, hell_entry,
          nicolae_uskayaw_en_pointe, roderic_lattice_octagonal_star,
          serial_bayou_shore_a

Skill      XL: |  1  2  3  4  5  6  7  8  9 10 11 12 13 14 |
---------------+-------------------------------------------+-----
Fighting       | 4 6 |  6.7
Armour         | 4 6 7 |  7.5
Shields        | 5 6 8 |  8.4
Axes           | 3 6 7 9 12 13 15 17 19 | 19.7
Invocations    | 2 7 9 |  9.3

Action                     |  1- 3 |  4- 6 |  7- 9 | 10-12 | 13-15 || total
---------------------------+-------+-------+-------+-------+-------++-------
  Melee: War axe           |    74 |    68 |       |       |       ||   142
         Battleaxe         |       |    36 |   110 |   411 |   256 ||   813
 Invoke: Heroism           |       |       |       |     2 |     5 ||     7
         Finesse           |       |       |       |     1 |     2 ||     3
         Duel              |       |       |       |     1 |     1 ||     2
Ability: Shaft Self        |       |       |       |       |     1 ||     1
  Evoke: Wand              |       |       |       |    18 |     1 ||    19
         Piece from Xom's  |       |       |       |       |     9 ||     9
    Use: Scroll            |     5 |     7 |     9 |     5 |       ||    26
         Potion            |       |     3 |       |     4 |       ||     7
   Stab: Invisible         |       |       |       |     5 |     3 ||     8
         Distracted        |       |       |       |       |     1 ||     1
 Armour: Scale mail        |    33 |       |       |       |       ||    33
         Chain mail        |       |    56 |       |       |       ||    56
         Plate armour      |       |    31 |    68 |   197 |    37 ||   333
         Crystal plate arm |       |       |       |       |   149 ||   149
  Dodge: Dodged            |    33 |    54 |    27 |   108 |    55 ||   277
  Block: Buckler           |    20 |    37 |    49 |   170 |   115 ||   391
